 Dungeon Crawl Stone Soup version 0.16-a0-3246-g12054e0 (webtiles) character file.

25 Ololoev the Charlatan (level 3, -2/27 HPs)
             Began as a Merfolk Artificer on Dec 22, 2014.
             Slain by a gnoll
             ... wielding a +0 flail
              (5 damage)
             ... on level 1 of the Dungeon.
             The game lasted 00:01:35 (1159 turns).

Ololoev the Charlatan (Merfolk Artificer)           Turns: 1159, Time: 00:01:35

Health: -2/27      AC:  7    Str: 12    XL:     3   Next: 6%
Magic:  4/4        EV:  9    Int: 11    God:
Gold:   75         SH:  0    Dex: 14    Spells: 0 memorised, 2 levels left

rFire  . . .     SeeInvis .     a - +0 short sword
rCold  . . .     Clarity  .     j - +0 scale mail
rNeg   . . .     SustAb   .     (no shield)
rPois  .         Gourm    .     (no helmet)
rElec  .         Spirit   .     (no cloak)
rCorr  .         Warding  .     (no gloves)
rMut   .         Stasis   .     k - +0 pair of boots
MR     .....                    (no amulet)
Stlth  ..........               (no ring)
                                (no ring)

@: not resistant to hostile enchantments, extremely unstealthy
A: change form in water, swift swim
a: no special abilities


You were on level 1 of the Dungeon.
You were not hungry.

You visited 1 branch of the dungeon, and saw 1 of its levels.

You collected 75 gold pieces.

Notes
Turn   | Place    | Note
--------------------------------------------------------------
     0 | D:1      | Ololoev, the Merfolk Artificer, began the quest for the Orb.
     0 | D:1      | Reached XP level 1. HP: 15/15 MP: 1/1
   479 | D:1      | Reached XP level 2. HP: 16/21 MP: 3/3
  1093 | D:1      | Reached XP level 3. HP: 20/27 MP: 4/4
  1159 | D:1      | Slain by a gnoll

Inventory:

Hand weapons
 a - a +0 short sword (weapon)
Armour
 e - a +0 leather armour
 j - a +0 scale mail (worn)
 k - a +0 pair of boots (worn)
Magical devices
 b - a wand of flame (15)
 c - a wand of enslavement (15)
 d - a wand of random effects (15)
Scrolls
 g - a scroll of remove curse {unknown}
 h - a scroll of recharging {unknown}
 i - a scroll of immolation {unknown}
 m - a scroll of magic mapping {unknown}
Potions
 l - 2 potions of degeneration {unknown}
 n - a potion of restore abilities {unknown}
Comestibles
 f - a bread ration
 o - 2 chunks of flesh

Table legend:
 A = Turns spent in this place as a percentage of turns spent in the entire game.
 B = Non-inter-level travel turns spent in this place as a percentage of non-inter-level travel turns spent in the entire game.
 C = Inter-level travel turns spent in this place as a percentage of turns spent in this place.
 D = Turns resting spent in this place as a percentage of non-inter-level travel turns spent in this place.
 E = Turns spent auto-exploring this place as a percentage of non-inter-level travel turns spent in this place.
 F = Non-inter-level travel turns spent in this place divided by the number of levels of this place that you've seen.
                   A       B       C       D       E      F
               +-------+-------+-------+-------+-------+----------------------
         Total | 100.0 | 100.0 |   0.0 |   2.7 |   6.7 | 478.0
       Dungeon | 100.0 | 100.0 |   0.0 |   2.7 |   6.7 | 478.0
               +-------+-------+-------+-------+-------+----------------------


   Skills:
 + Level 2.1 Fighting
 - Level 1.2 Short Blades
 - Level 2.6 Dodging
 - Level 1.1 Stealth
 * Level 3.8 Evocations


You had 2 spell levels left.
You didn't know any spells.

Dungeon Overview and Level Annotations

Branches:
Dungeon (1/15)

Altars:


Message History

A gnoll comes into view. It is wielding a flail.
A gnoll is nearby!
The gnoll shouts!
The gnoll hits you with a flail!
You hit the gnoll but do no damage. The gnoll barely misses you.
You closely miss the gnoll. The gnoll closely misses you.
You hit the gnoll.
The gnoll is moderately wounded.
The gnoll hits you with a flail.
You are too injured to fight recklessly!
You are too injured to fight recklessly!
You are too injured to fight recklessly!
You are too injured to fight recklessly!
You are too injured to fight recklessly!
You are too injured to fight recklessly!
You are too injured to fight recklessly!
You are too injured to fight recklessly!
You are too injured to fight recklessly!
You are too injured to fight recklessly!
You are too injured to fight recklessly!
You are too injured to fight recklessly!
You are too injured to fight recklessly!
You are too injured to fight recklessly!
You are too injured to fight recklessly!
You are too injured to fight recklessly!
You are too injured to fight recklessly!
You are too injured to fight recklessly!
You are too injured to fight recklessly!
You are too injured to fight recklessly!
You are too injured to fight recklessly!
You hit the gnoll.
The gnoll is moderately wounded.
The gnoll closely misses you.
You hit the gnoll but do no damage.
The gnoll is moderately wounded.
The gnoll hits you with a flail!
You barely miss the gnoll.
The gnoll is moderately wounded.
The gnoll hits you with a flail.
You die...

######.....###.#.###..#
########.###.#..##
#.#####(#.# ###.#.......#
..#...####### ### #.###.#
##.## #. #.#########.#.##
# #. #..g.......###.#
?....##.###.@########.#.##
#...))....## ##.##
........#.....# #.#
.......##...## #.# ..###.#
##.## #.# # #. #.# #.# #.
#.# ####.# # #'# #....#
... #.#### #


You could see a gnoll.

Table legend:
 A = Kills in this place as a percentage of kills in entire the game.
 B = Kills by you in this place as a percentage of kills by you in the entire game.
 C = Kills by friends in this place as a percentage of kills by friends in the entire game.
 D = Other kills in this place as a percentage of other kills in the entire game.
 E = Experience gained in this place as a percentage of experience gained in the entire game.
 F = Experience gained in this place divided by the number of levels of this place that you have seen.
                   A       B       C       D       E      F
               +-------+-------+-------+-------+-------+----------------------
         Total | 100.0 | 100.0 |  -nan |  -nan | 100.0 |  37.0
       Dungeon | 100.0 | 100.0 |  -nan |  -nan | 100.0 |  37.0
               +-------+-------+-------+-------+-------+----------------------

Vanquished Creatures
  A giant gecko (D:1)
  2 goblins (D:1)
  7 hobgoblins (D:1)
  5 kobolds (D:1)
  A bat (D:1)
  3 giant newts (D:1)
  6 rats (D:1)
25 creatures vanquished.

Action                   || total
-------------------------++-------
Melee: Short sword       ||   108
 Stab: Sleeping          ||     1
  Eat: Chunk             ||     1

Vault maps used:
D:1:      minmay_arrival_diagonal_passages
